TOP OF THE 1ST |
Riverside Red Bulls batting - Pitching for Bismark Border Guards : RHP Ramón Fonseca
|
Pitching: RHP Ramón Fonseca
|
|
Batting: RHB William Richardson
|
0-0: Called Strike 0-1: Foul Ball, location: 2F 0-2: Ball 1-2: Ground out 6-3 (Groundball, 6M)
|
Batting: RHB Dan Williams
|
0-0: Swinging Strike 0-1: Swinging Strike 0-2: Ball 1-2: Strikes out swinging
|
Batting: RHB Brandon Pope
|
0-0: SINGLE (Line Drive, 56)
|
Batting: RHB Soshu Nakamura
|
0-0: Ball 1-0: Fielders Choice at 2nd, U6 (Groundball, 6M)
|
Top of the 1st over - 0 run(s), 1 hit(s), 0 error(s), 1 left on base; Riverside 0 - Bismark 0 |
BOTTOM OF THE 1ST |
Bismark Border Guards batting - Pitching for Riverside Red Bulls : LHP Juan Garza
|
Pitching: LHP Juan Garza
|
|
Batting: RHB Aaron Holt
|
0-0: Called Strike 0-1: Fly out, F7 (Line Drive, 7M)
|
Batting: LHB Jim Jensen
|
0-0: Foul Ball, location: 2F 0-1: Ball 1-1: Ball 2-1: Ball 3-1: Swinging Strike 3-2: Foul Ball, location: 2F 3-2: Ground out 4-3 (Groundball, 34)
|
Batting: RHB José Gómez
|
0-0: Ball 1-0: Called Strike 1-1: Ground out 4-3 (Groundball, 4M)
|
Bottom of the 1st over - 0 run(s), 0 hit(s), 0 error(s), 0 left on base; Riverside 0 - Bismark 0 |
TOP OF THE 2ND |
Riverside Red Bulls batting - Pitching for Bismark Border Guards : RHP Ramón Fonseca
|
Batting: RHB Kevin Brown
|
0-0: Ball 1-0: Called Strike 1-1: Ground out 1-3 (Groundball, 23)
|
Batting: RHB Kelly Jones
|
0-0: Foul Ball, location: 2F 0-1: Ball 1-1: Swinging Strike 1-2: Strikes out swinging
|
Batting: RHB Earnest Finnegan
|
0-0: Called Strike 0-1: Swinging Strike 0-2: Ball 1-2: SINGLE (Groundball, 4D)
|
Batting: RHB Júlio García
|
0-0: Ball 1-0: Called Strike 1-1: Ball 2-1: Ball Earnest Finnegan is caught stealing 2nd base
|
Top of the 2nd over - 0 run(s), 1 hit(s), 0 error(s), 0 left on base; Riverside 0 - Bismark 0 |
BOTTOM OF THE 2ND |
Bismark Border Guards batting - Pitching for Riverside Red Bulls : LHP Juan Garza
|
Batting: SHB Glenn Vadnais
|
0-0: Ground out 4-3 (Groundball, 4)
|
Batting: RHB Mike Wright
|
0-0: Ball 1-0: Ground out 5-3 (Groundball, 56S)
|
Batting: RHB Alejandro Ramos
|
0-0: Called Strike 0-1: Ball 1-1: Foul Ball, location: 2F 1-2: Ball 2-2: Foul Ball, location: 2F 2-2: Foul Ball, location: 2F 2-2: Ball 3-2: Foul Ball, location: 2F 3-2: Foul Ball, location: 2F 3-2: Foul Ball, location: 2F 3-2: Base on Balls
|
Batting: RHB Salvador Borbón
|
0-0: Swinging Strike 0-1: Ball 1-1: Ball 2-1: Foul Ball, location: 2F 2-2: Strikes out swinging
|
Bottom of the 2nd over - 0 run(s), 0 hit(s), 0 error(s), 1 left on base; Riverside 0 - Bismark 0 |
TOP OF THE 3RD |
Riverside Red Bulls batting - Pitching for Bismark Border Guards : RHP Ramón Fonseca
|
Batting: RHB Júlio García
|
0-0: Foul Ball, location: 2F 0-1: Ball 1-1: Swinging Strike 1-2: Strikes out swinging
|
Batting: RHB Jesús Naút
|
0-0: SINGLE (Line Drive, 9LM)
|
Batting: RHB William Richardson
|
0-0: Ball 1-0: Ball 2-0: Ball 3-0: Base on Balls Jesús Naút to second
|
Batting: RHB Dan Williams
|
0-0: Ball 1-0: Called Strike 1-1: Called Strike 1-2: Strikes out swinging
|
Batting: RHB Brandon Pope
|
0-0: Called Strike 0-1: Ball 1-1: Fly out, F4 (Popup, 3DF)
|
Top of the 3rd over - 0 run(s), 1 hit(s), 0 error(s), 2 left on base; Riverside 0 - Bismark 0 |
BOTTOM OF THE 3RD |
Bismark Border Guards batting - Pitching for Riverside Red Bulls : LHP Juan Garza
|
Batting: RHB Chris Parker
|
0-0: Swinging Strike 0-1: Foul Ball, location: 2F 0-2: Ball 1-2: Strikes out swinging
|
Batting: LHB Norbert Mosley
|
0-0: Called Strike 0-1: Foul Ball, location: 2F 0-2: Ball 1-2: DOUBLE (Line Drive, 3L)
|
Batting: RHB Aaron Holt
|
0-0: Hit by Pitch
|
Batting: LHB Jim Jensen
|
0-0: Called Strike Norbert Mosley steals 3rd base Aaron Holt to second 0-1: Ball 1-1: Foul Ball, location: 2F 1-2: Ball 2-2: Ball 3-2: Fly out, F2 (Popup, 2LF)
|
Batting: RHB José Gómez
|
0-0: SINGLE (Line Drive, 34D) Norbert Mosley scores Aaron Holt to third Runner from 3rd tries for Home, SAFE, no throw or cutoff
|
Batting: SHB Glenn Vadnais
|
0-0: Called Strike 0-1: Ball 1-1: Ground out 6-3 (Groundball, 6)
|
Bottom of the 3rd over - 2 run(s), 2 hit(s), 0 error(s), 1 left on base; Riverside 0 - Bismark 2 |
TOP OF THE 4TH |
Riverside Red Bulls batting - Pitching for Bismark Border Guards : RHP Ramón Fonseca
|
Batting: RHB Soshu Nakamura
|
0-0: Ball 1-0: Ball
|
|
|
|
2-0: Called Strike 2-1: Ball 3-1: TRIPLE (Line Drive, 89M)
|
Batting: RHB Kevin Brown
|
0-0: SINGLE (Groundball, 56) Soshu Nakamura scores
|
Batting: RHB Kelly Jones
|
0-0: Ball 1-0: Grounds into double play, 6-4-3 (Groundball, 6)
|
Batting: RHB Earnest Finnegan
|
0-0: Ground out 1-3 (Groundball, 25)
|
Top of the 4th over - 1 run(s), 2 hit(s), 0 error(s), 0 left on base; Riverside 1 - Bismark 2 |
BOTTOM OF THE 4TH |
Bismark Border Guards batting - Pitching for Riverside Red Bulls : LHP Juan Garza
|
Batting: RHB Mike Wright
|
0-0: Ball 1-0: Foul Ball, location: 2F 1-1: Ball 2-1: Called Strike 2-2: Foul Ball, location: 2F 2-2: Ball 3-2: Base on Balls
|
Batting: RHB Alejandro Ramos
|
0-0: Called Strike 0-1: Grounds into double play, 6-4-3 (Groundball, 6D)
|
Batting: RHB Salvador Borbón
|
0-0: Called Strike 0-1: Foul Ball, location: 2F 0-2: Strikes out swinging
|
Bottom of the 4th over - 0 run(s), 0 hit(s), 0 error(s), 0 left on base; Riverside 1 - Bismark 2 |
TOP OF THE 5TH |
Riverside Red Bulls batting - Pitching for Bismark Border Guards : RHP Ramón Fonseca
|
Batting: RHB Júlio García
|
0-0: Ball 1-0: Fly out, F7 (Flyball, 78S)
|
Batting: RHB Jesús Naút
|
0-0: Ball 1-0: Foul Ball, location: 2F 1-1: Called Strike 1-2: Strikes out swinging
|
Batting: RHB William Richardson
|
0-0: Ground out 6-3 (Groundball, 6M)
|
Top of the 5th over - 0 run(s), 0 hit(s), 0 error(s), 0 left on base; Riverside 1 - Bismark 2 |
BOTTOM OF THE 5TH |
Bismark Border Guards batting - Pitching for Riverside Red Bulls : LHP Juan Garza
|
Batting: RHB Chris Parker
|
0-0: Ball 1-0: Foul Ball, location: 2F 1-1: SINGLE (Flyball, 9LS)
|
Batting: LHB Norbert Mosley
|
0-0: Called Strike 0-1: Foul Ball, location: 2F 0-2: Strikes out looking
|
Batting: RHB Aaron Holt
|
0-0: Fly out, F9 (Flyball, 9M)
|
Batting: LHB Jim Jensen
|
0-0: Ball 1-0: Ball 2-0: Ground out 4-3 (Groundball, 4)
|
Bottom of the 5th over - 0 run(s), 1 hit(s), 0 error(s), 1 left on base; Riverside 1 - Bismark 2 |
TOP OF THE 6TH |
Riverside Red Bulls batting - Pitching for Bismark Border Guards : RHP Ramón Fonseca
|
Batting: RHB Dan Williams
|
0-0: Ball 1-0: Ball 2-0: Ball 3-0: Base on Balls
|
Batting: RHB Brandon Pope
|
0-0: Ball 1-0: Called Strike 1-1: Swinging Strike 1-2: Ball 2-2: Ball 3-2: DOUBLE (Line Drive, 89M) Dan Williams to third Dan Williams scores
|
Batting: RHB Soshu Nakamura
|
0-0: Intentional Walk
|
Batting: RHB Kevin Brown
|
0-0: Ball 1-0: Fly out, F9 (Flyball, 9M)
|
Batting: RHB Kelly Jones
|
0-0: Ball 1-0: DOUBLE (Line Drive, 78M) Brandon Pope scores Soshu Nakamura to third
|
Batting: RHB Earnest Finnegan
|
0-0: Ball 1-0: Ball 2-0: Called Strike 2-1: Foul Ball, location: 2F 2-2: Ball 3-2: Base on Balls
|
Batting: RHB Júlio García
|
0-0: Foul Ball, location: 2F 0-1: Ball 1-1: Ball 2-1: SINGLE (Groundball, 4MD) Soshu Nakamura scores Kelly Jones to third Earnest Finnegan to second Runner from 3rd tries for Home, SAFE, throw made home Earnest Finnegan to third Júlio García to second
|
Batting: RHB Jesús Naút
|
0-0: Called Strike 0-1: Called Strike 0-2: Strikes out swinging
|
Batting: RHB William Richardson
|
0-0: Foul Ball, location: 2F 0-1: Called Strike 0-2: Foul Ball, location: 2F 0-2: Ball 1-2: Ball 2-2: Ball 3-2: SINGLE (Groundball, 6MD) Earnest Finnegan scores Júlio García to third Júlio García scores
|
Pitching: RHP Júlio Quintana
|
|
Batting: RHB Dan Williams
|
0-0: Swinging Strike 0-1: Ball 1-1: Ball 2-1: Swinging Strike 2-2: Strikes out swinging
|
Top of the 6th over - 6 run(s), 4 hit(s), 0 error(s), 1 left on base; Riverside 7 - Bismark 2 |
BOTTOM OF THE 6TH |
Bismark Border Guards batting - Pitching for Riverside Red Bulls : LHP Juan Garza
|
Batting: RHB José Gómez
|
0-0: Ball 1-0: Swinging Strike 1-1: Ball 2-1: Ground out 5-3 (Groundball, 56S)
|
Batting: SHB Glenn Vadnais
|
0-0: Swinging Strike 0-1: Ball 1-1: Called Strike 1-2: Ball 2-2: Foul Ball, location: 2F 2-2: Strikes out swinging
|
Batting: RHB Mike Wright
|
0-0: Ball 1-0: Ball 2-0: Swinging Strike 2-1: Foul Ball, location: 2F 2-2: Strikes out swinging
|
Bottom of the 6th over - 0 run(s), 0 hit(s), 0 error(s), 0 left on base; Riverside 7 - Bismark 2 |
TOP OF THE 7TH |
Riverside Red Bulls batting - Pitching for Bismark Border Guards : RHP Júlio Quintana
|
Batting: RHB Brandon Pope
|
0-0: Ball 1-0: Called Strike 1-1: Swinging Strike 1-2: SOLO HOME RUN (Flyball, 7LD), Distance : 347 ft
|
Batting: RHB Soshu Nakamura
|
0-0: Ball 1-0: Ball 2-0: Called Strike 2-1: Called Strike 2-2: Ball 3-2: Base on Balls
|
Batting: RHB Kevin Brown
|
0-0: Called Strike 0-1: Foul Ball, location: 2F 0-2: Foul Ball, location: 2F 0-2: Strikes out swinging
|
Batting: RHB Kelly Jones
|
0-0: Called Strike 0-1: Foul Ball, location: 2F 0-2: Ball 1-2: Fly out, F9 (Flyball, 9M)
|
Batting: RHB Earnest Finnegan
|
0-0: Ball 1-0: Ball 2-0: Fly out, F8 (Flyball, 8RXD)
|
Top of the 7th over - 1 run(s), 1 hit(s), 0 error(s), 1 left on base; Riverside 8 - Bismark 2 |
BOTTOM OF THE 7TH |
Bismark Border Guards batting - Pitching for Riverside Red Bulls : LHP Juan Garza
|
Batting: RHB Alejandro Ramos
|
0-0: Called Strike 0-1: Foul Ball, location: 2F 0-2: Strikes out looking
|
Batting: RHB Salvador Borbón
|
0-0: Ball 1-0: SINGLE (Line Drive, 4M)
|
Batting: RHB Chris Parker
|
0-0: Called Strike 0-1: Called Strike 0-2: Ball 1-2: Ball 2-2: Ball 3-2: Strikes out looking
|
Pitching: LHP Ricardo Díaz
|
|
Batting: LHB Norbert Mosley
|
0-0: Foul Ball, location: 2F 0-1: Foul Ball, location: 2F 0-2: Ball 1-2: Strikes out swinging
|
Bottom of the 7th over - 0 run(s), 1 hit(s), 0 error(s), 1 left on base; Riverside 8 - Bismark 2 |
TOP OF THE 8TH |
Riverside Red Bulls batting - Pitching for Bismark Border Guards : RHP Júlio Quintana
|
Batting: RHB Júlio García
|
0-0: Ball 1-0: Fly out, F9 (Flyball, 9D)
|
Batting: RHB Jesús Naút
|
0-0: Ball 1-0: Ball 2-0: Called Strike 2-1: Foul Ball, location: 2F 2-2: Ball 3-2: Strikes out looking
|
Batting: RHB William Richardson
|
0-0: Ball 1-0: Ball 2-0: Fly out, F8 (Flyball, 8LS)
|
Top of the 8th over - 0 run(s), 0 hit(s), 0 error(s), 0 left on base; Riverside 8 - Bismark 2 |
BOTTOM OF THE 8TH |
Bismark Border Guards batting - Pitching for Riverside Red Bulls : LHP Ricardo Díaz
|
Batting: RHB Aaron Holt
|
0-0: Ball 1-0: Fly out, F7 (Flyball, 7LM)
|
Batting: LHB Jim Jensen
|
0-0: Foul Ball, location: 2F 0-1: Foul Ball, location: 2F 0-2: Foul Ball, location: 2F 0-2: Foul Ball, location: 2F 0-2: Ball 1-2: SINGLE (Groundball, 4MD)
|
Batting: RHB José Gómez
|
0-0: Swinging Strike 0-1: Grounds into double play, 2-4-3 (Groundball, 2L)
|
Bottom of the 8th over - 0 run(s), 1 hit(s), 0 error(s), 0 left on base; Riverside 8 - Bismark 2 |
TOP OF THE 9TH |
Riverside Red Bulls batting - Pitching for Bismark Border Guards : RHP Júlio Quintana
|
Pitching: RHP Edward Hastings
|
|
Batting: RHB Dan Williams
|
0-0: Ground out 6-3 (Groundball, 6S)
|
Batting: RHB Brandon Pope
|
0-0: Foul Ball, location: 2F 0-1: Swinging Strike 0-2: Ball 1-2: Strikes out looking
|
Batting: RHB Soshu Nakamura
|
0-0: Foul Ball, location: 2F 0-1: Swinging Strike 0-2: Ball 1-2: Ball 2-2: Foul Ball, location: 2F 2-2: Strikes out looking
|
Top of the 9th over - 0 run(s), 0 hit(s), 0 error(s), 0 left on base; Riverside 8 - Bismark 2 |
BOTTOM OF THE 9TH |
Bismark Border Guards batting - Pitching for Riverside Red Bulls : LHP Ricardo Díaz
|
Batting: SHB Glenn Vadnais
|
0-0: Called Strike 0-1: Foul Ball, location: 2F 0-2: Ball 1-2: Ball 2-2: Fly out, F5 (Popup, 5SF)
|
Batting: RHB Mike Wright
|
0-0: Ball 1-0: Called Strike 1-1: Called Strike 1-2: Fly out, F8 (Flyball, 8LXD)
|
Batting: RHB Alejandro Ramos
|
0-0: Called Strike 0-1: Ball 1-1: Fly out, F4 (Popup, 89S)
|
Bottom of the 9th over - 0 run(s), 0 hit(s), 0 error(s), 0 left on base; Riverside 8 - Bismark 2 |
|
|